Oilers vs Panthers

Created - 9 février 2022 at 16:43

Goals
1 2 3 T
Oilers 0 1 1 2
Panthers 2 2 2 6
Shots
1 2 3 T
Oilers 8 7 15 30
Panthers 8 12 8 28

GoalsPenalties
1st period
1. Panthers , Aleksander Barkov 34 (Jonathan Marchessault 24, Dylan DeMelo 30) at 13:51
2. Panthers , Vladislav Namestnikov 14 (Claude Giroux 27, Reilly Smith 26) at 14:23
Dylan DeMelo (FLO) for Hooking (Minor) at 8:43
Justin Braun (FLO) for Holding Stick (Minor) at 11:36
Ryan Pulock (EDM) for Tripping (Minor) at 19:00
2nd period
3. Panthers , Michael Raffl 5 (Riley Nash 1, Colton Parayko 19) at 3:31
4. Oilers , Alex Iafallo 15 (Joe Pavelski 24, Mark Giordano 39) at 7:21
5. Panthers , Vladislav Namestnikov 15 (Reilly Smith 27, Nikita Zaitsev 21) at 7:45 (PP)
Tomas Tatar (EDM) for Roughing (Minor) at 3:41
Tyler Motte (EDM) for Hooking (Minor) at 7:23
Jonathan Marchessault (FLO) for High sticking (Minor) at 7:53
3rd period
6. Panthers , Seth Jones 12 (Aleksander Barkov 44, Dylan DeMelo 31) at 4:47 (PP)
7. Panthers , Oskar Sundqvist 11 (Colton Parayko 20, Nikita Zaitsev 22) at 11:53
8. Oilers , Tomas Tatar 10 (Alex Iafallo 21, Mark Giordano 40) at 19:55
Devin Shore (EDM) for Holding (Minor) at 4:31
Eric Robinson (FLO) for Boarding (Minor) at 12:02
Goalie Stats
Craig Anderson (EDM), 13 saves from 17 shots - (0,765), L, 5-8-0, 27:45 minutes
Connor Hellebuyck (EDM), 9 saves from 11 shots - (0,818), 32:15 minutes
Collin Delia (FLO), 28 saves from 30 shots - (0,933), W, 7-4-2, 60:00 minutes
3 StarsOfficial
1 - Vladislav Namestnikov (FLO)
2 - Colton Parayko (FLO)
3 - Nikita Zaitsev (FLO)
Referees : Brad Watson and Dave Jackson
Linesman : Mark Shewchyk and Brad Lazarowich
Game Note
Connor Hellebuyck enters game at 7:45 of 2nd period



Team Name Goals Shots Shots Attemp Shots Blocked PIM HIT PP PK FO%
Oilers 2307158170 / 4 (0%)250%
Panthers 62858168252 / 4 (50%)050%

Oilers
Player Name POS G A P +/- PIM HIT SHT SB MP PP MP PP SHT PK MP PK SHT FO% FOT
Alex IafalloC/LW1121012021:454:0202:1300% 0
Brian DumoulinD000-1010016:090:0003:1900% 0
Casey CizikasC000-100008:260:0002:23058% 12
Christian DvorakC/LW000-1003010:360:0000:00030% 10
Devin ShoreC/LW000-120106:020:0000:0000% 0
Joe PavelskiC/RW0111014019:324:0230:00053% 30
John TavaresC000-1003019:133:5400:00043% 21
Jordan EberleRW000-1001010:360:0000:0000% 0
Justin FaulkD000-2002123:483:4512:3500% 0
Keith YandleD0001000021:214:1100:0000% 0
Kevin HayesC/RW000-1031019:133:5400:000100% 3
Logan CoutureC/LW000-1004021:263:5432:13040% 5
Mark GiordanoD0221012223:314:1112:1000% 0
Mike ReillyD000-1001112:500:0000:0000% 0
Robby FabbriC/LW/RW000-100106:030:0000:0000% 0
Ryan PulockD000-2220122:203:4501:0800% 0
Tomas TatarLW/RW1011244019:314:0210:0000% 0
Tyler MotteC/LW/RW000-1241012:580:0002:23067% 3
Panthers
Player Name POS G A P +/- PIM HIT SHT SB MP PP MP PP SHT PK MP PK SHT FO% FOT
Aleksander BarkovC112-1004121:252:1814:07055% 29
Andre BurakovskyLW/RW000-1002017:182:1810:0000% 0
Brett HowdenC/LW/RW0001021010:480:0000:00067% 9
Claude GirouxC/LW/RW0111032020:582:1813:49036% 25
Colton ParaykoD0223002522:121:3524:0200% 0
David KrejciC0001001010:480:0000:000100% 1
Dmitry KulikovD0000000112:200:0000:0000% 0
Dylan DeMeloD022-1221224:213:0102:4800% 0
Eric RobinsonLW000121006:480:0000:000100% 1
Jonathan MarchessaultLW/RW011-1253020:042:1812:47050% 4
Justin BraunD0000221012:570:0000:3800% 0
Michael RafflLW/RW101101107:170:0000:2800% 0
Nikita ZaitsevD0223001222:401:3504:3000% 0
Oskar SundqvistC/LW/RW1011003010:480:0000:000100% 1
Reilly SmithLW/RW0221020120:582:1803:49040% 5
Riley NashC/RW011100007:410:0000:52044% 9
Seth JonesD101-1032425:283:0113:5400% 0
Vladislav NamestnikovC/LW/RW2021044017:092:1810:0000% 0

Oilers

5 vs 5 Forward
Line #Left WingCenterRight WingPHYDFOFWanted %Time %Time Play
1Alex IafalloJoe PavelskiTomas Tatar0323233%15:30
2Logan CoutureJohn TavaresKevin Hayes0323032%15:19
3Tyler MotteChristian DvorakJordan Eberle0412322%10:36
4Devin ShoreCasey CizikasRobby Fabbri1311513%6:03
5 vs 5 Defense
Line #DefenseDefensePHYDFOFWanted %Time %Time Play
1Justin FaulkRyan Pulock0323837%17:28
2Keith YandleMark Giordano0323836%17:07
3Brian DumoulinMike Reilly0412427%12:50
4Keith YandleMark Giordano13100%0:03
Power Play Forward
Line #Left WingCenterRight WingPHYDFOFWanted %Time %Time Play
1Logan CoutureJohn TavaresKevin Hayes0325049%3:54
2Alex IafalloJoe PavelskiTomas Tatar0325051%4:02
Power Play Defense
Line #DefenseDefensePHYDFOFWanted %Time %Time Play
1Justin FaulkRyan Pulock0325047%3:45
2Keith YandleMark Giordano0325053%4:11
Penalty Kill 4 Players Forward
Line #CenterWingPHYDFOFWanted %Time %Time Play
1Casey CizikasTyler Motte1225052%2:23
2Logan CoutureAlex Iafallo0325048%2:13
Penalty Kill 4 Players Defense
Line #DefenseDefensePHYDFOFWanted %Time %Time Play
1Mark GiordanoBrian Dumoulin1225044%2:01
2Ryan PulockJustin Faulk0325056%2:35
Penalty Kill 3 Players
Line #WingPHYDFOFWanted %Time %Time PlayDefenseDefensePHYDFOFWanted %Time %Time Play
1Casey Cizikas122500%0:00 Mark GiordanoBrian Dumoulin122500%0:00
2Logan Couture122500%0:00 Justin FaulkRyan Pulock122500%0:00
4 vs 4 Forward
Line #CenterWingPHYDFOFWanted %Time %Time Play
1John TavaresLogan Couture122500%0:00
2Joe PavelskiKevin Hayes122500%0:00
4 vs 4 Defense
Line #DefensePHYDFOFWanted %Time %Time Play
1Mark GiordanoJustin Faulk122500%0:00
2Ryan PulockBrian Dumoulin122500%0:00
Last Minutes Offensive
Left WingCenterRight WingDefenseDefense
Logan CoutureJohn TavaresTomas TatarMark GiordanoJustin Faulk
Last Minutes Defensive
Left WingCenterRight WingDefenseDefense
Logan CoutureCasey CizikasTyler MotteMark GiordanoBrian Dumoulin
Time
Total ForwardTotal DefenseLast Minutes OffensiveLast Minutes Defensive
60:00 60:00 0:000:00
Extra Forwards
Normal PowerPlayPenalty Kill
John Tavares, Tomas Tatar, Tyler MotteKevin Hayes, Tomas TatarTyler Motte
Extra Defensemen
Normal PowerPlayPenalty Kill
Mark Giordano, Ryan Pulock, Brian DumoulinMark Giordano, Ryan PulockBrian Dumoulin
Penalty Shots
Tomas Tatar, John Tavares, Jordan Eberle, Logan Couture, Robby Fabbri
Goalie
Craig Anderson, Connor Hellebuyck
Custom OT Lines Forwards
Logan Couture, John Tavares, Kevin Hayes, Joe Pavelski, Christian Dvorak, Alex Iafallo, Tomas Tatar, Tyler Motte, Robby Fabbri, Jordan Eberle
Custom OT Lines Defensemen
Mark Giordano, Justin Faulk, Ryan Pulock, Brian Dumoulin, Mike Reilly
Scratches
Vinnie Hinostroza (Healthy), Kevin Labanc (Healthy), Anton Stralman (Healthy)

Panthers

5 vs 5 Forward
Line #Left WingCenterRight WingPHYDFOFWanted %Time %Time Play
1Jonathan MarchessaultAleksander BarkovAndre Burakovsky0233032%15:00
2Vladislav NamestnikovClaude GirouxReilly Smith0323031%14:51
3David KrejciBrett HowdenOskar Sundqvist0322423%10:48
4Eric RobinsonRiley NashMichael Raffl1221614%6:49
5 vs 5 Defense
Line #DefenseDefensePHYDFOFWanted %Time %Time Play
1Seth JonesDylan DeMelo0233028%13:17
2Nikita ZaitsevColton Parayko0323035%16:35
3Dmitry KulikovJustin Braun1222426%12:20
4Seth JonesDylan DeMelo1221611%5:16
Power Play Forward
Line #Left WingCenterRight WingPHYDFOFWanted %Time %Time Play
1Jonathan MarchessaultAleksander BarkovAndre Burakovsky0145050%2:18
2Vladislav NamestnikovClaude GirouxReilly Smith0145050%2:18
Power Play Defense
Line #DefenseDefensePHYDFOFWanted %Time %Time Play
1Seth JonesDylan DeMelo0145066%3:01
2Nikita ZaitsevColton Parayko0145034%1:35
Penalty Kill 4 Players Forward
Line #CenterWingPHYDFOFWanted %Time %Time Play
1Aleksander BarkovJonathan Marchessault0325052%4:07
2Claude GirouxReilly Smith0325048%3:49
Penalty Kill 4 Players Defense
Line #DefenseDefensePHYDFOFWanted %Time %Time Play
1Seth JonesDylan DeMelo0325049%3:54
2Nikita ZaitsevColton Parayko0325051%4:02
Penalty Kill 3 Players
Line #WingPHYDFOFWanted %Time %Time PlayDefenseDefensePHYDFOFWanted %Time %Time Play
1Aleksander Barkov032500%0:00 Seth JonesDylan DeMelo032500%0:00
2Claude Giroux032500%0:00 Nikita ZaitsevColton Parayko032500%0:00
4 vs 4 Forward
Line #CenterWingPHYDFOFWanted %Time %Time Play
1Aleksander BarkovJonathan Marchessault014500%0:00
2Claude GirouxAndre Burakovsky014500%0:00
4 vs 4 Defense
Line #DefensePHYDFOFWanted %Time %Time Play
1Seth JonesDylan DeMelo014500%0:00
2Nikita ZaitsevColton Parayko014500%0:00
Last Minutes Offensive
Left WingCenterRight WingDefenseDefense
Claude GirouxAleksander BarkovReilly SmithSeth JonesNikita Zaitsev
Last Minutes Defensive
Left WingCenterRight WingDefenseDefense
Claude GirouxAleksander BarkovReilly SmithSeth JonesNikita Zaitsev
Time
Total ForwardTotal DefenseLast Minutes OffensiveLast Minutes Defensive
60:00 60:00 0:000:00
Extra Forwards
Normal PowerPlayPenalty Kill
Brett Howden, Oskar Sundqvist, Riley NashBrett Howden, Oskar SundqvistRiley Nash
Extra Defensemen
Normal PowerPlayPenalty Kill
Colton Parayko, Justin Braun, Nikita ZaitsevDylan DeMelo, Justin BraunNikita Zaitsev
Penalty Shots
Aleksander Barkov, Jonathan Marchessault, Claude Giroux, Reilly Smith, Andre Burakovsky
Goalie
Collin Delia, Jonathan Quick
Custom OT Lines Forwards
Aleksander Barkov, Claude Giroux, Reilly Smith, Jonathan Marchessault, Andre Burakovsky, Vladislav Namestnikov, Brett Howden, Oskar Sundqvist, Riley Nash, Eric Robinson
Custom OT Lines Defensemen
Seth Jones, Dylan DeMelo, Nikita Zaitsev, Colton Parayko, Justin Braun
Scratches
Jujhar Khaira (Sprained Right Finger Injury), Chad Ruhwedel (Healthy), Jason Demers (Healthy)


Play-by-Play

1st period


0:01 of 1st period - Joe Pavelski wins face-off versus Aleksander Barkov in neutral zone.
0:11 of 1st period - Icing by Andre Burakovsky.
0:12 of 1st period - Aleksander Barkov wins face-off versus John Tavares in Panthers zone.
0:19 of 1st period - Kevin Hayes is hit by Jonathan Marchessault and loses puck.
0:47 of 1st period - Logan Couture is hit by Seth Jones and loses puck.
0:52 of 1st period - Shot by Logan Couture.
0:52 of 1st period - Shot Hit the Post.
0:54 of 1st period - Shot by Logan Couture.
0:54 of 1st period - Shot Blocked by Aleksander Barkov.
1:40 of 1st period - Shot by Christian Dvorak.
1:40 of 1st period - Shot Blocked by Nikita Zaitsev.
1:42 of 1st period - Shot by Mike Reilly.
1:42 of 1st period - Stopped by Collin Delia without a rebound.
1:43 of 1st period - Brett Howden wins face-off versus Joe Pavelski in Panthers zone.
1:57 of 1st period - Icing by David Krejci.
1:58 of 1st period - Brett Howden wins face-off versus Casey Cizikas in Panthers zone.
2:11 of 1st period - Off-side.
2:12 of 1st period - Riley Nash wins face-off versus Joe Pavelski in neutral zone.
2:14 of 1st period - Off-side.
2:15 of 1st period - Joe Pavelski wins face-off versus Riley Nash in neutral zone.
2:25 of 1st period - Shot by Tomas Tatar.
2:25 of 1st period - Shot Misses the Net.
2:27 of 1st period - Shot by Alex Iafallo.
2:27 of 1st period - Shot Misses the Net.
2:29 of 1st period - Shot by Tomas Tatar.
2:29 of 1st period - Stopped by Collin Delia without a rebound.
2:30 of 1st period - Casey Cizikas wins face-off versus Claude Giroux in Panthers zone.
2:37 of 1st period - Shot by Mark Giordano.
2:37 of 1st period - Shot Misses the Net.
4:28 of 1st period - Oskar Sundqvist is hit by Kevin Hayes and loses puck.
4:59 of 1st period - Brian Dumoulin is hit by Michael Raffl and loses puck.
5:20 of 1st period - Shot by Michael Raffl.
5:20 of 1st period - Shot Misses the Net.
5:22 of 1st period - Shot by Justin Braun.
5:22 of 1st period - Stopped by Craig Anderson with a rebound.
7:07 of 1st period - Icing by Nikita Zaitsev.
7:08 of 1st period - John Tavares wins face-off versus Claude Giroux in Panthers zone.
7:35 of 1st period - Shot by Logan Couture.
7:35 of 1st period - Shot Misses the Net.
7:39 of 1st period - Shot by John Tavares.
7:39 of 1st period - Stopped by Collin Delia with a rebound.
8:17 of 1st period - Shot by Jordan Eberle.
8:17 of 1st period - Stopped by Collin Delia without a rebound.
8:18 of 1st period - Aleksander Barkov wins face-off versus Casey Cizikas in Panthers zone.
8:35 of 1st period - Shot by Jonathan Marchessault.
8:35 of 1st period - Stopped by Craig Anderson without a rebound.
8:36 of 1st period - Joe Pavelski wins face-off versus Riley Nash in Oilers zone.
8:36 of 1st period - Joe Pavelski is hit by Eric Robinson.
8:43 of 1st period - Minor Penalty to Dylan DeMelo for Hooking.
8:44 of 1st period - John Tavares wins face-off versus Aleksander Barkov in Panthers zone.
9:25 of 1st period - Keith Yandle is hit by Seth Jones.
10:03 of 1st period - Shot by Justin Faulk.
10:03 of 1st period - Shot Blocked by Seth Jones.
10:21 of 1st period - Icing by Justin Faulk.
10:22 of 1st period - Claude Giroux wins face-off versus Joe Pavelski in Oilers zone.
10:26 of 1st period - Icing by Ryan Pulock.
10:27 of 1st period - Joe Pavelski wins face-off versus Claude Giroux in Oilers zone.
10:27 of 1st period - Joe Pavelski is hit by Claude Giroux.
10:49 of 1st period - Shot by Tyler Motte.
10:49 of 1st period - Shot Misses the Net.
11:09 of 1st period - Shot by Jordan Eberle.
11:09 of 1st period - Shot Misses the Net.
11:27 of 1st period - Shot by Christian Dvorak.
11:27 of 1st period - Shot Blocked by Dmitry Kulikov.
11:36 of 1st period - Minor Penalty to Justin Braun for Holding Stick.
11:37 of 1st period - Jonathan Marchessault wins face-off versus John Tavares in Panthers zone.
11:57 of 1st period - Icing by Justin Faulk.
11:58 of 1st period - Aleksander Barkov wins face-off versus John Tavares in Oilers zone.
12:03 of 1st period - Shot by Jonathan Marchessault.
12:03 of 1st period - Shot Misses the Net.
12:41 of 1st period - Shot by Mark Giordano.
12:41 of 1st period - Stopped by Collin Delia without a rebound.
12:42 of 1st period - Joe Pavelski wins face-off versus Reilly Smith in Panthers zone.
13:09 of 1st period - Shot by Tomas Tatar.
13:09 of 1st period - Deflect By Joe Pavelski.
13:09 of 1st period - Stopped by Collin Delia without a rebound.
13:10 of 1st period - Kevin Hayes wins face-off versus Claude Giroux in Panthers zone.
13:35 of 1st period - Shot by Logan Couture.
13:35 of 1st period - Stopped by Collin Delia without a rebound.
13:36 of 1st period - Joe Pavelski wins face-off versus Aleksander Barkov in Panthers zone.
13:49 of 1st period - Shot by Jonathan Marchessault.
13:49 of 1st period - Shot Blocked by Justin Faulk.
13:51 of 1st period - Shot by Aleksander Barkov.
13:51 of 1st period - Goal by Aleksander Barkov - Oilers : 0 - Panthers : 1.
13:52 of 1st period - Casey Cizikas wins face-off versus Reilly Smith in neutral zone.
14:23 of 1st period - Shot by Vladislav Namestnikov.
14:23 of 1st period - Goal by Vladislav Namestnikov - Oilers : 0 - Panthers : 2.
14:24 of 1st period - Joe Pavelski wins face-off versus Aleksander Barkov in neutral zone.
14:54 of 1st period - Seth Jones is hit by Joe Pavelski and loses puck.
15:25 of 1st period - Icing by Keith Yandle.
15:26 of 1st period - Claude Giroux wins face-off versus John Tavares in Oilers zone.
15:28 of 1st period - Vladislav Namestnikov is hit by Mark Giordano and loses puck.
15:39 of 1st period - Shot by Kevin Hayes.
15:39 of 1st period - Shot Misses the Net.
16:00 of 1st period - Shot by Logan Couture.
16:00 of 1st period - Deflect By John Tavares.
16:00 of 1st period - Stopped by Collin Delia without a rebound.
16:01 of 1st period - Brett Howden wins face-off versus Christian Dvorak in Panthers zone.
16:11 of 1st period - Brett Howden is hit by Brian Dumoulin and loses puck.
16:32 of 1st period - Shot by Jordan Eberle.
16:32 of 1st period - Shot Misses the Net.
16:51 of 1st period - Icing by Justin Braun.
16:52 of 1st period - Brett Howden wins face-off versus Joe Pavelski in Panthers zone.
17:42 of 1st period - Shot by Aleksander Barkov.
17:42 of 1st period - Stopped by Craig Anderson without a rebound.
17:43 of 1st period - John Tavares wins face-off versus Claude Giroux in Oilers zone.
17:43 of 1st period - John Tavares is hit by Vladislav Namestnikov.
17:46 of 1st period - Icing by Mark Giordano.
17:47 of 1st period - Kevin Hayes wins face-off versus Claude Giroux in Oilers zone.
18:02 of 1st period - Shot by John Tavares.
18:02 of 1st period - Shot Misses the Net.
18:42 of 1st period - Off-side.
18:43 of 1st period - Joe Pavelski wins face-off versus Aleksander Barkov in neutral zone.
18:58 of 1st period - Dylan DeMelo is hit by Ryan Pulock and loses puck.
19:00 of 1st period - Minor Penalty to Ryan Pulock for Tripping.
19:01 of 1st period - Aleksander Barkov wins face-off versus Casey Cizikas in Oilers zone.
19:04 of 1st period - Shot by Andre Burakovsky.
19:04 of 1st period - Stopped by Craig Anderson with a rebound.
19:20 of 1st period - Shot by Aleksander Barkov.
19:20 of 1st period - Shot Misses the Net.
19:22 of 1st period - Shot by Aleksander Barkov.
19:22 of 1st period - Stopped by Craig Anderson without a rebound.
19:23 of 1st period - Casey Cizikas wins face-off versus Claude Giroux in Oilers zone.
19:23 of 1st period - Casey Cizikas is hit by Reilly Smith.
19:57 of 1st period - Shot by Colton Parayko.
19:57 of 1st period - Stopped by Craig Anderson without a rebound.
19:58 of 1st period - Aleksander Barkov wins face-off versus Casey Cizikas in Oilers zone.
Goals for this period are 0 for Oilers vs 2 for Panthers.
Shots for this period are 8 for Oilers vs 8 for Panthers.

2nd period


0:01 of 2nd period - Aleksander Barkov wins face-off versus Logan Couture in neutral zone.
0:31 of 2nd period - Tyler Motte is hit by Jonathan Marchessault and loses puck.
1:13 of 2nd period - Shot by Oskar Sundqvist.
1:13 of 2nd period - Stopped by Craig Anderson with a rebound.
1:15 of 2nd period - Shot by Oskar Sundqvist.
1:15 of 2nd period - Shot Blocked by Mark Giordano.
1:17 of 2nd period - Shot by Brett Howden.
1:17 of 2nd period - Stopped by Craig Anderson with a rebound.
1:19 of 2nd period - Shot by Colton Parayko.
1:19 of 2nd period - Shot Misses the Net.
1:29 of 2nd period - Mark Giordano is hit by Brett Howden and loses puck.
1:36 of 2nd period - Shot by David Krejci.
1:36 of 2nd period - Stopped by Craig Anderson without a rebound.
1:37 of 2nd period - John Tavares wins face-off versus Claude Giroux in Oilers zone.
1:39 of 2nd period - Icing by Logan Couture.
1:40 of 2nd period - John Tavares wins face-off versus Claude Giroux in Oilers zone.
1:40 of 2nd period - John Tavares is hit by Vladislav Namestnikov.
1:59 of 2nd period - Shot by Logan Couture.
1:59 of 2nd period - Stopped by Collin Delia with a rebound.
2:58 of 2nd period - Shot by Seth Jones.
2:58 of 2nd period - Stopped by Craig Anderson without a rebound.
2:59 of 2nd period - Riley Nash wins face-off versus Christian Dvorak in Oilers zone.
3:31 of 2nd period - Shot by Michael Raffl.
3:31 of 2nd period - Goal by Michael Raffl - Oilers : 0 - Panthers : 3.
3:32 of 2nd period - Joe Pavelski wins face-off versus Aleksander Barkov in neutral zone.
3:35 of 2nd period - Andre Burakovsky is hit by Tomas Tatar and loses puck.
3:41 of 2nd period - Minor Penalty to Tomas Tatar for Roughing.
3:42 of 2nd period - Claude Giroux wins face-off versus Logan Couture in Oilers zone.
4:13 of 2nd period - Shot by Vladislav Namestnikov.
4:13 of 2nd period - Deflect By Claude Giroux.
4:13 of 2nd period - Stopped by Craig Anderson without a rebound.
4:14 of 2nd period - Logan Couture wins face-off versus Aleksander Barkov in Oilers zone.
4:37 of 2nd period - Shot by Andre Burakovsky.
4:37 of 2nd period - Deflect By Jonathan Marchessault.
4:37 of 2nd period - Stopped by Craig Anderson with a rebound.
4:39 of 2nd period - Shot by Aleksander Barkov.
4:39 of 2nd period - Shot Misses the Net.
4:41 of 2nd period - Shot by Colton Parayko.
4:41 of 2nd period - Stopped by Craig Anderson without a rebound.
4:42 of 2nd period - Logan Couture wins face-off versus Claude Giroux in Oilers zone.
5:40 of 2nd period - Shot by Aleksander Barkov.
5:40 of 2nd period - Shot Misses the Net.
5:52 of 2nd period - Shot by Brett Howden.
5:52 of 2nd period - Shot Misses the Net.
5:57 of 2nd period - Icing by Mark Giordano.
5:58 of 2nd period - Aleksander Barkov wins face-off versus Joe Pavelski in Oilers zone.
6:19 of 2nd period - Shot by Tomas Tatar.
6:19 of 2nd period - Shot Misses the Net.
6:21 of 2nd period - Shot by Mark Giordano.
6:21 of 2nd period - Stopped by Collin Delia without a rebound.
6:22 of 2nd period - Brett Howden wins face-off versus John Tavares in Panthers zone.
6:46 of 2nd period - Shot by Kevin Hayes.
6:46 of 2nd period - Stopped by Collin Delia with a rebound.
6:48 of 2nd period - Shot by John Tavares.
6:48 of 2nd period - Deflect By Kevin Hayes.
6:48 of 2nd period - Shot Misses the Net.
7:00 of 2nd period - Shot by John Tavares.
7:00 of 2nd period - Stopped by Collin Delia without a rebound.
7:01 of 2nd period - Aleksander Barkov wins face-off versus Joe Pavelski in Panthers zone.
7:01 of 2nd period - Aleksander Barkov is hit by Tomas Tatar.
7:21 of 2nd period - Shot by Alex Iafallo.
7:21 of 2nd period - Goal by Alex Iafallo - Oilers : 1 - Panthers : 3.
7:22 of 2nd period - Claude Giroux wins face-off versus Tyler Motte in neutral zone.
7:22 of 2nd period - Claude Giroux is hit by Tyler Motte.
7:23 of 2nd period - Minor Penalty to Tyler Motte for Hooking.
7:24 of 2nd period - Reilly Smith wins face-off versus Logan Couture in Oilers zone.
7:43 of 2nd period - Shot by Reilly Smith.
7:43 of 2nd period - Shot Blocked by Mark Giordano.
7:45 of 2nd period - Shot by Vladislav Namestnikov.
7:45 of 2nd period - Goal by Vladislav Namestnikov - Oilers : 1 - Panthers : 4.
7:45 of 2nd period - Connor Hellebuyck enters game.
7:46 of 2nd period - Aleksander Barkov wins face-off versus Christian Dvorak in neutral zone.
7:49 of 2nd period - Justin Faulk is hit by Jonathan Marchessault and loses puck.
7:53 of 2nd period - Minor Penalty to Jonathan Marchessault for High sticking.
7:54 of 2nd period - Aleksander Barkov wins face-off versus Joe Pavelski in Panthers zone.
8:53 of 2nd period - Shot by Reilly Smith.
8:53 of 2nd period - Deflect By Claude Giroux.
8:53 of 2nd period - Shot Misses the Net.
9:59 of 2nd period - David Krejci is hit by Tyler Motte and loses puck.
10:20 of 2nd period - Shot by Oskar Sundqvist.
10:20 of 2nd period - Stopped by Connor Hellebuyck without a rebound.
10:21 of 2nd period - Casey Cizikas wins face-off versus Claude Giroux in Oilers zone.
10:30 of 2nd period - Shot by Vladislav Namestnikov.
10:30 of 2nd period - Shot Misses the Net.
10:32 of 2nd period - Shot by Seth Jones.
10:32 of 2nd period - Shot Misses the Net.
10:34 of 2nd period - Shot by Dylan DeMelo.
10:34 of 2nd period - Shot Misses the Net.
10:36 of 2nd period - Shot by Vladislav Namestnikov.
10:36 of 2nd period - Shot Misses the Net.
10:38 of 2nd period - Shot by Dylan DeMelo.
10:38 of 2nd period - Stopped by Connor Hellebuyck without a rebound.
10:39 of 2nd period - Christian Dvorak wins face-off versus Riley Nash in Oilers zone.
10:45 of 2nd period - Icing by Justin Faulk.
10:46 of 2nd period - Christian Dvorak wins face-off versus Claude Giroux in Oilers zone.
10:46 of 2nd period - Christian Dvorak is hit by Reilly Smith.
11:12 of 2nd period - Shot by Claude Giroux.
11:12 of 2nd period - Shot Misses the Net.
11:28 of 2nd period - Vladislav Namestnikov is hit by Tyler Motte and loses puck.
11:42 of 2nd period - Off-side.
11:43 of 2nd period - Joe Pavelski wins face-off versus Aleksander Barkov in neutral zone.
11:45 of 2nd period - Off-side.
11:46 of 2nd period - Joe Pavelski wins face-off versus Aleksander Barkov in neutral zone.
12:47 of 2nd period - Icing by Eric Robinson.
12:48 of 2nd period - Riley Nash wins face-off versus John Tavares in Panthers zone.
12:57 of 2nd period - Shot by Michael Raffl.
12:57 of 2nd period - Shot Misses the Net.
13:04 of 2nd period - Icing by Logan Couture.
13:05 of 2nd period - John Tavares wins face-off versus Claude Giroux in Oilers zone.
13:15 of 2nd period - Shot by Reilly Smith.
13:15 of 2nd period - Shot Misses the Net.
13:17 of 2nd period - Shot by Seth Jones.
13:17 of 2nd period - Shot Misses the Net.
13:39 of 2nd period - Logan Couture is hit by Claude Giroux and loses puck.
14:17 of 2nd period - Shot by Aleksander Barkov.
14:17 of 2nd period - Shot Blocked by Ryan Pulock.
14:19 of 2nd period - Shot by Nikita Zaitsev.
14:19 of 2nd period - Shot Misses the Net.
14:21 of 2nd period - Shot by Aleksander Barkov.
14:21 of 2nd period - Shot Misses the Net.
14:23 of 2nd period - Shot by Nikita Zaitsev.
14:23 of 2nd period - Stopped by Connor Hellebuyck without a rebound.
14:24 of 2nd period - David Krejci wins face-off versus Joe Pavelski in Oilers zone.
14:34 of 2nd period - Shot by Brett Howden.
14:34 of 2nd period - Shot Misses the Net.
14:37 of 2nd period - Icing by Tomas Tatar.
14:38 of 2nd period - Riley Nash wins face-off versus Joe Pavelski in Oilers zone.
15:19 of 2nd period - Shot by Joe Pavelski.
15:19 of 2nd period - Shot Blocked by Colton Parayko.
15:40 of 2nd period - Icing by Dylan DeMelo.
15:41 of 2nd period - Casey Cizikas wins face-off versus Aleksander Barkov in Panthers zone.
15:46 of 2nd period - Shot by Robby Fabbri.
15:46 of 2nd period - Stopped by Collin Delia without a rebound.
15:47 of 2nd period - Aleksander Barkov wins face-off versus Christian Dvorak in Panthers zone.
16:09 of 2nd period - Tyler Motte is hit by Dylan DeMelo and loses puck.
16:14 of 2nd period - Shot by Tyler Motte.
16:14 of 2nd period - Shot Misses the Net.
18:40 of 2nd period - Shot by Vladislav Namestnikov.
18:40 of 2nd period - Deflect By Claude Giroux.
18:40 of 2nd period - Shot Misses the Net.
19:09 of 2nd period - Shot by Tyler Motte.
19:09 of 2nd period - Stopped by Collin Delia without a rebound.
19:10 of 2nd period - John Tavares wins face-off versus Jonathan Marchessault in Panthers zone.
19:23 of 2nd period - Shot by Logan Couture.
19:23 of 2nd period - Deflect By Kevin Hayes.
19:23 of 2nd period - Shot Blocked by Seth Jones.
19:25 of 2nd period - Shot by Logan Couture.
19:25 of 2nd period - Shot Misses the Net.
19:27 of 2nd period - Shot by Kevin Hayes.
19:27 of 2nd period - Shot Misses the Net.
19:35 of 2nd period - Shot by Logan Couture.
19:35 of 2nd period - Shot Misses the Net.
Goals for this period are 1 for Oilers vs 2 for Panthers.
Shots for this period are 7 for Oilers vs 12 for Panthers.

3rd period


0:01 of 3rd period - Joe Pavelski wins face-off versus Claude Giroux in neutral zone.
0:28 of 3rd period - Vladislav Namestnikov is hit by Tomas Tatar and loses puck.
1:07 of 3rd period - Ryan Pulock is hit by Jonathan Marchessault and loses puck.
1:23 of 3rd period - Icing by Andre Burakovsky.
1:24 of 3rd period - Jonathan Marchessault wins face-off versus Christian Dvorak in Panthers zone.
1:54 of 3rd period - Icing by Tyler Motte.
1:55 of 3rd period - Christian Dvorak wins face-off versus Brett Howden in Oilers zone.
1:55 of 3rd period - Christian Dvorak is hit by Brett Howden.
2:00 of 3rd period - Jordan Eberle is hit by Seth Jones and loses puck.
2:07 of 3rd period - Shot by Tyler Motte.
2:07 of 3rd period - Shot Blocked by Seth Jones.
2:09 of 3rd period - Shot by Tyler Motte.
2:09 of 3rd period - Shot Misses the Net.
2:13 of 3rd period - Shot by Christian Dvorak.
2:13 of 3rd period - Stopped by Collin Delia without a rebound.
2:14 of 3rd period - Joe Pavelski wins face-off versus Claude Giroux in Panthers zone.
2:14 of 3rd period - Ryan Pulock is hit by Justin Braun and loses puck.
2:19 of 3rd period - Shot by Alex Iafallo.
2:19 of 3rd period - Stopped by Collin Delia with a rebound.
2:23 of 3rd period - Shot by Joe Pavelski.
2:23 of 3rd period - Shot Misses the Net.
2:33 of 3rd period - Shot by Joe Pavelski.
2:33 of 3rd period - Stopped by Collin Delia with a rebound.
2:35 of 3rd period - Shot by Justin Faulk.
2:35 of 3rd period - Stopped by Collin Delia without a rebound.
2:36 of 3rd period - Brett Howden wins face-off versus John Tavares in Panthers zone.
3:17 of 3rd period - Shot by Logan Couture.
3:17 of 3rd period - Shot Misses the Net.
3:35 of 3rd period - Reilly Smith is hit by Kevin Hayes and loses puck.
3:48 of 3rd period - Justin Faulk is hit by Vladislav Namestnikov and loses puck.
3:55 of 3rd period - Reilly Smith is hit by Alex Iafallo and loses puck.
4:31 of 3rd period - Minor Penalty to Devin Shore for Holding.
4:32 of 3rd period - Aleksander Barkov wins face-off versus Casey Cizikas in Oilers zone.
4:45 of 3rd period - Shot by Seth Jones.
4:45 of 3rd period - Deflect By Aleksander Barkov.
4:45 of 3rd period - Shot Misses the Net.
4:47 of 3rd period - Shot by Seth Jones.
4:47 of 3rd period - Goal by Seth Jones - Oilers : 1 - Panthers : 5.
4:48 of 3rd period - Casey Cizikas wins face-off versus Riley Nash in neutral zone.
4:59 of 3rd period - Shot by Devin Shore.
4:59 of 3rd period - Stopped by Collin Delia without a rebound.
5:00 of 3rd period - Aleksander Barkov wins face-off versus Christian Dvorak in Panthers zone.
5:00 of 3rd period - Aleksander Barkov is hit by Tyler Motte.
5:22 of 3rd period - Shot by Jordan Eberle.
5:22 of 3rd period - Shot Blocked by Colton Parayko.
5:24 of 3rd period - Shot by Justin Faulk.
5:24 of 3rd period - Shot Misses the Net.
5:26 of 3rd period - Shot by Christian Dvorak.
5:26 of 3rd period - Shot Blocked by Colton Parayko.
5:28 of 3rd period - Shot by Tyler Motte.
5:28 of 3rd period - Shot Blocked by Nikita Zaitsev.
5:30 of 3rd period - Shot by Christian Dvorak.
5:30 of 3rd period - Stopped by Collin Delia with a rebound.
5:38 of 3rd period - Shot by Jordan Eberle.
5:38 of 3rd period - Shot Misses the Net.
5:40 of 3rd period - Shot by Ryan Pulock.
5:40 of 3rd period - Deflect By Tyler Motte.
5:40 of 3rd period - Shot Misses the Net.
5:42 of 3rd period - Shot by Tyler Motte.
5:42 of 3rd period - Shot Blocked by Colton Parayko.
6:21 of 3rd period - Shot by Tomas Tatar.
6:21 of 3rd period - Shot Blocked by Dylan DeMelo.
6:44 of 3rd period - Icing by Seth Jones.
6:45 of 3rd period - Kevin Hayes wins face-off versus Claude Giroux in Panthers zone.
7:16 of 3rd period - Shot by David Krejci.
7:16 of 3rd period - Shot Misses the Net.
7:18 of 3rd period - Shot by Justin Braun.
7:18 of 3rd period - Shot Blocked by Mike Reilly.
7:53 of 3rd period - Shot by Riley Nash.
7:53 of 3rd period - Shot Misses the Net.
9:18 of 3rd period - Shot by Jonathan Marchessault.
9:18 of 3rd period - Stopped by Connor Hellebuyck without a rebound.
9:19 of 3rd period - Claude Giroux wins face-off versus Joe Pavelski in Oilers zone.
9:46 of 3rd period - Joe Pavelski is hit by Justin Braun and loses puck.
10:17 of 3rd period - Shot by Christian Dvorak.
10:17 of 3rd period - Stopped by Collin Delia without a rebound.
10:18 of 3rd period - Tyler Motte wins face-off versus Aleksander Barkov in Panthers zone.
10:19 of 3rd period - Shot by Jordan Eberle.
10:19 of 3rd period - Shot Misses the Net.
10:58 of 3rd period - Shot by Tyler Motte.
10:58 of 3rd period - Shot Misses the Net.
11:33 of 3rd period - David Krejci is hit by Ryan Pulock and loses puck.
11:53 of 3rd period - Shot by Oskar Sundqvist.
11:53 of 3rd period - Goal by Oskar Sundqvist - Oilers : 1 - Panthers : 6.
11:54 of 3rd period - Eric Robinson wins face-off versus Joe Pavelski in neutral zone.
12:02 of 3rd period - Minor Penalty to Eric Robinson for Boarding.
12:03 of 3rd period - Claude Giroux wins face-off versus Joe Pavelski in Panthers zone.
12:18 of 3rd period - Shot by Tomas Tatar.
12:18 of 3rd period - Shot Misses the Net.
12:20 of 3rd period - Shot by Joe Pavelski.
12:20 of 3rd period - Stopped by Collin Delia with a rebound.
12:22 of 3rd period - Shot by Joe Pavelski.
12:22 of 3rd period - Deflect By Tomas Tatar.
12:22 of 3rd period - Stopped by Collin Delia without a rebound.
12:23 of 3rd period - John Tavares wins face-off versus Jonathan Marchessault in Panthers zone.
12:24 of 3rd period - Shot by Logan Couture.
12:24 of 3rd period - Stopped by Collin Delia with a rebound.
12:49 of 3rd period - Shot by Ryan Pulock.
12:49 of 3rd period - Shot Blocked by Colton Parayko.
12:51 of 3rd period - Shot by Justin Faulk.
12:51 of 3rd period - Deflect By Logan Couture.
12:51 of 3rd period - Stopped by Collin Delia without a rebound.
12:52 of 3rd period - Joe Pavelski wins face-off versus Aleksander Barkov in Panthers zone.
13:35 of 3rd period - Shot by Joe Pavelski.
13:35 of 3rd period - Stopped by Collin Delia without a rebound.
13:36 of 3rd period - John Tavares wins face-off versus Reilly Smith in Panthers zone.
13:37 of 3rd period - Shot by Justin Faulk.
13:37 of 3rd period - Stopped by Collin Delia without a rebound.
13:38 of 3rd period - Claude Giroux wins face-off versus John Tavares in Panthers zone.
13:53 of 3rd period - Shot by Justin Faulk.
13:53 of 3rd period - Shot Blocked by Seth Jones.
14:11 of 3rd period - Shot by Vladislav Namestnikov.
14:11 of 3rd period - Stopped by Connor Hellebuyck with a rebound.
14:13 of 3rd period - Shot by Nikita Zaitsev.
14:13 of 3rd period - Shot Misses the Net.
14:15 of 3rd period - Shot by Vladislav Namestnikov.
14:15 of 3rd period - Stopped by Connor Hellebuyck without a rebound.
14:16 of 3rd period - Joe Pavelski wins face-off versus Brett Howden in Oilers zone.
14:24 of 3rd period - Icing by Joe Pavelski.
14:25 of 3rd period - Aleksander Barkov wins face-off versus Joe Pavelski in Oilers zone.
14:34 of 3rd period - Shot by Jonathan Marchessault.
14:34 of 3rd period - Deflect By Aleksander Barkov.
14:34 of 3rd period - Stopped by Connor Hellebuyck without a rebound.
14:35 of 3rd period - Casey Cizikas wins face-off versus Brett Howden in Oilers zone.
15:09 of 3rd period - Ryan Pulock is hit by Dylan DeMelo and loses puck.
15:41 of 3rd period - Shot by Andre Burakovsky.
15:41 of 3rd period - Stopped by Connor Hellebuyck without a rebound.
15:42 of 3rd period - Claude Giroux wins face-off versus John Tavares in Oilers zone.
15:57 of 3rd period - Shot by John Tavares.
15:57 of 3rd period - Shot Blocked by Reilly Smith.
16:03 of 3rd period - Reilly Smith is hit by Kevin Hayes and loses puck.
16:20 of 3rd period - Shot by Claude Giroux.
16:20 of 3rd period - Stopped by Connor Hellebuyck without a rebound.
16:21 of 3rd period - Joe Pavelski wins face-off versus Aleksander Barkov in Oilers zone.
16:21 of 3rd period - Joe Pavelski is hit by Jonathan Marchessault.
16:40 of 3rd period - Shot by Joe Pavelski.
16:40 of 3rd period - Deflect By Tomas Tatar.
16:40 of 3rd period - Stopped by Collin Delia without a rebound.
16:41 of 3rd period - Tyler Motte wins face-off versus Riley Nash in Panthers zone.
17:42 of 3rd period - Off-side.
17:43 of 3rd period - Aleksander Barkov wins face-off versus Joe Pavelski in neutral zone.
18:01 of 3rd period - Off-side.
18:02 of 3rd period - Claude Giroux wins face-off versus John Tavares in neutral zone.
18:05 of 3rd period - Mike Reilly is hit by Claude Giroux and loses puck.
18:09 of 3rd period - Icing by Mike Reilly.
18:10 of 3rd period - Reilly Smith wins face-off versus John Tavares in Oilers zone.
18:37 of 3rd period - Shot by Claude Giroux.
18:37 of 3rd period - Shot Misses the Net.
18:54 of 3rd period - Logan Couture is hit by Vladislav Namestnikov and loses puck.
19:02 of 3rd period - Icing by Brian Dumoulin.
19:03 of 3rd period - Aleksander Barkov wins face-off versus John Tavares in Oilers zone.
19:25 of 3rd period - Andre Burakovsky is hit by Tomas Tatar and loses puck.
19:53 of 3rd period - Shot by Alex Iafallo.
19:53 of 3rd period - Shot Blocked by Dylan DeMelo.
19:55 of 3rd period - Shot by Tomas Tatar.
19:55 of 3rd period - Goal by Tomas Tatar - Oilers : 2 - Panthers : 6.
19:56 of 3rd period - Oskar Sundqvist wins face-off versus Christian Dvorak in neutral zone.
Goals for this period are 1 for Oilers vs 2 for Panthers.
Shots for this period are 15 for Oilers vs 8 for Panthers.